 Dungeon Sprint DCSS version 0.31-a0-986-g5e6e4ef867 (webtiles) character file.

Game seed: 11765231744866006215

20000000 Monkooky the Axe Maniac (level 27, 0/228 HPs)
             Began as a Djinni Warper on Nov 23, 2023.
             Was the Champion of Makhleb.
             Killed by arc of chain lightning (12 damage)
             ... in the Dungeon (Sprint VIII: "Arena of Blood").
             The game lasted 00:08:42 (200 turns).

Monkooky the Axe Maniac (Djinni Warper)              Turns: 200, Time: 00:08:43

Health: 0/228      AC:  6    Str: 10    XL:     27
Gold:   0          EV: 27    Int: 26    God:    Makhleb [******] SH:  0 Dex: 16

rFire   + + +        i - +∞ Axe of Woe
rCold   x . .        (shield currently unavailable)
rNeg    . . .        b - +0 leather armour
rPois   ∞            (no helmet)
rElec   .            (no cloak)
rCorr   .            (no gloves)
SInv    +            (boots unavailable)
Will    ++...        (no amulet)
Stlth   +++++++++    j - ring of see invisible
HPRegen 0.58/turn    k - ring of protection from fire
MPRegen 0.00/turn

%: no teleportation, infuse magic (-1 HP)
@: flying, slowed, very slow
A: sickness immunity, fire resistance 2, cold vulnerability 1, float, innate
caster, HP casting, extra vitality 1
a: Renounce Religion, Minor Destruction, Lesser Servant of Makhleb, Major
Destruction, Greater Servant of Makhleb


You were in the Dungeon.
You worshipped Makhleb.
Makhleb was exalted by your worship.
You visited 1 branch

Inventory:

Hand Weapons
 a - a +0 hand axe
 i - the +∞ Axe of Woe (weapon)
   (You found it in the Dungeon)
Missiles
 d - 7 darts of dispersal
Armour
 b - a +0 leather armour (worn)
Jewellery
 j - a ring of see invisible (left hand)
 k - a ring of protection from fire (right hand)
 l - a +30 ring of slaying
Scrolls
 c - a scroll of blinking
Potions
 e - a potion of curing
 f - a potion of heal wounds
 g - a potion of haste
 h - a potion of berserk rage


   Skills:
 O Level 27 Fighting
 O Level 27 Short Blades
 O Level 27 Long Blades
 O Level 27 Axes
 O Level 27 Maces & Flails
 O Level 27 Polearms
 O Level 27 Staves
 O Level 27 Ranged Weapons
 O Level 27 Throwing
 O Level 27 Armour
 O Level 27 Dodging
 O Level 27 Stealth
 O Level 27 Shields
 O Level 27 Unarmed Combat
 O Level 27 Spellcasting
 O Level 27 Conjurations
 O Level 27 Hexes
 O Level 27 Summonings
 O Level 27 Necromancy
 O Level 27 Translocations
 O Level 27 Transmutations
 O Level 27 Fire Magic
 O Level 27 Ice Magic
 O Level 27 Air Magic
 O Level 27 Earth Magic
 O Level 27 Poison Magic
 O Level 27 Invocations
 O Level 27 Evocations
 O Level 27 Shapeshifting


You knew the following spells:

 Your Spells              Type           Power      Damage    Failure   Level
a - Blink                 Tloc           100%       N/A       0%          2
b - Lesser Beckoning      Tloc           100%       N/A       0%          2
c - Teleport Other        Tloc           100%       N/A       0%          3
d - Manifold Assault      Tloc           100%       N/A       0%          4
e - Vhi's Electric Charg  Tloc/Air       100%       N/A       0%          4
f - Kiss of Death         Conj/Necr      100%       2d13      0%          1
g - Poisonous Vapours     Pois/Air       100%       N/A       0%          2
h - Momentum Strike       Conj/Tloc      100%       3d10      0%          2
i - Frozen Ramparts       Ice            100%       1d16      0%          3
j - Silence               Hex/Air        54%        N/A       0%          5
k - Lee's Rapid Deconstr  Erth           54%        3d25*     0%          5
l - Dispersal             Tloc           54%        N/A       0%          6
m - Monstrous Menagerie   Summ           54%        N/A       0%          7
n - Summon Cactus Giant   Summ           54%        N/A       0%          6
o - Infestation           Necr           54%        N/A       1%          8
p - Ignition              Fire           54%        3d15      1%          8
q - Polar Vortex          Ice            54%        12d7*     1%          9
r - Chain Lightning       Conj/Air       54%        3d72      1%          9
Your spell library was empty.

Dungeon Overview and Level Annotations

Branches:
Dungeon (1/1)

Altars:
Makhleb


Innate Abilities, Weirdness & Mutations

You are immune to sickness and miasma.
You are immune to poison.
Your flesh is very heat resistant. (rF++)
You are vulnerable to cold. (rC-)
You float through the air rather than walking.
You learn spells naturally, not from books.
Your magical power is your life essence.
You have superior vitality. (+4 MHP)


Message History

The poison arrow hits you! You partially resist.
A destroyer comes into view. It is wielding a +9 heavy great sword.
A bag of meat comes into view. It is wielding a +9 war axe.
A meat beast comes into view.
The destroyer casts a spell at you.
The destroyer blinks!
A dread comes into view.
The fleshlord points at you and mumbles some strange words.
You barely resist.
The fleshlord mumbles some strange words.
The fleshlord seems to speed up.
The dread calls on the powers of darkness!
The bag of meat convulses!
The bag of meat shouts!
The eight-headed meat hydra convulses!
The meat berserker convulses!
The large bag of meat convulses!
Flame seeps out of the large bag of meat.
The scourge convulses!
The bag of meat convulses!
Your body is wracked with pain!
* * * LOW HITPOINT WARNING * * *
The observer pulsates ominously.
The dread throws damnation at you.
The sphere of damnation explodes!
The damnation engulfs you!!
* * * LOW HITPOINT WARNING * * *
The large bag of meat is engulfed in blazing flames.
The large bag of meat explodes!
The fiery explosion engulfs the wretched soul!!
The fiery explosion engulfs the meat berserker!!!
The meat berserker dies!
You hear a shout! x3; You hear two shouts!
Unknown command.
Casting: Vhi's Electric Charge (safe; 0% risk of failure)
Confirm with . or Enter, or press ? or * to list all spells.
Lightning arcs from your hands!
The bolt of lightning hits the meat berserker!!!!
The meat berserker is almost dead.
The bolt of lightning hits the destroyer!!!!
The destroyer is lightly damaged.
The bolt of lightning hits you!
You die...

o... .. W.... Wo # #D.. .#
. #... .)§# )).))))oG)#
..p###S.. .°W###2†)..)))).
oopO...o###§§))...)..)))##
#..OSzM.W_.))).p........).
......#.☼)☼.#V).)..)#.#)).
......#VO@._#..)).).)...).
......#.†)).#...).)#)#.#..
#.....W.._..p.)).))§)).).)
......GS###pD....)))#)#)#)
...###..).Op.###).)...)..)
.....#M)§G)WM#....)))..)).
....#o°°M...#)).)....).)†
......S○O§).)V).).))).).)†
.......)MpSWS.).)#)).#..).


You could see 3 accurseds, a meat beast (fast), 2 eight-headed meat hydras, 2
destroyers, an observer (fast, invisible, extremely poisoned), 4 scourges, 5
fleshlords, a sculptor of flesh, 4 dreads, 2 meat berserkers, 2 wretched souls
and 3 bags of meat.

Vanquished Creatures
  Dispater (D)
  25 hell knights (D)
  Sigmund (D)
  12 hell beasts (D)
  11 royal mummies (D)
  13 great orbs of eyes (D)
  19 wraiths (D)
  26 vampire knights (D)
  52 ogres (D)
  10 two-headed ogres (D)
  7 liches (D)
  20 hydras (D)
  12 phantoms (D)
  114 orcs (D)
  12 skeletal warriors (D)
  15 sea snakes (D)
350 creatures vanquished.

Vanquished Creatures (others)
  An ogre (D)
  2 two-headed ogres (D)
3 creatures vanquished.

Grand Total: 353 creatures vanquished

Notes
Turn   | Place    | Note
-------+----------+-------------------------------------------
     0 | D        | Found the +∞ Axe of Woe
     0 | D        | Monkooky the Djinni Warper began the quest for the Orb.
     0 | D        | Monkooky set off with the following spells memorised:
                  | Blink, Lesser Beckoning, Teleport Other, Manifold Assault,
                  | Vhi's Electric Charge.
     0 | D        | Reached XP level 1. HP: 18/18 MP: 0/0
     2 | D        | Noticed a meat berserker
     4 | D        | Noticed a meat berserker
     4 | D        | Became a worshipper of Makhleb the Destroyer
     4 | D        | Noticed a bag of meat
     5 | D        | Noticed a bag of meat
     5 | D        | Noticed a bag of meat
     6 | D        | Noticed a bag of meat
     6 | D        | Noticed a meat berserker
     6 | D        | Noticed a meat berserker
     7 | D        | Killed a meat berserker
     7 | D        | Noticed a bag of meat
     7 | D        | Noticed a bag of meat
     8 | D        | Reached XP level 2. HP: 23/23 MP: 0/0
     8 | D        | Reached XP level 3. HP: 28/28 MP: 0/0
     8 | D        | Learned a level 1 spell: Kiss of Death
     8 | D        | Reached XP level 4. HP: 33/33 MP: 0/0
     8 | D        | Reached XP level 5. HP: 38/38 MP: 0/0
     8 | D        | Learned a level 2 spell: Poisonous Vapours
     8 | D        | Reached XP level 6. HP: 43/43 MP: 0/0
     8 | D        | Reached XP level 7. HP: 49/49 MP: 0/0
     8 | D        | Learned a level 2 spell: Momentum Strike
     8 | D        | Reached XP level 8. HP: 54/54 MP: 0/0
     8 | D        | Reached XP level 9. HP: 58/58 MP: 0/0
     8 | D        | Learned a level 3 spell: Frozen Ramparts
     8 | D        | Reached XP level 10. HP: 64/64 MP: 0/0
     8 | D        | Reached XP level 11. HP: 68/68 MP: 0/0
     8 | D        | Learned a level 5 spell: Silence
     8 | D        | Reached XP level 12. HP: 74/74 MP: 0/0
     8 | D        | Killed a meat berserker
     8 | D        | Reached * piety under Makhleb
     8 | D        | Noticed a bag of meat
     9 | D        | Reached skill level 27 in Axes
     9 | D        | Reached XP level 13. HP: 78/78 MP: 0/0
     9 | D        | Learned a level 5 spell: Lee's Rapid Deconstruction
     9 | D        | Killed a bag of meat
     9 | D        | Killed a bag of meat
     9 | D        | Killed a meat berserker
     9 | D        | Reached ** piety under Makhleb
    10 | D        | Reached XP level 14. HP: 85/85 MP: 0/0
    10 | D        | Reached XP level 15. HP: 89/89 MP: 0/0
    10 | D        | Learned a level 6 spell: Dispersal
    10 | D        | Killed a meat berserker
    10 | D        | Reached *** piety under Makhleb
    11 | D        | Reached XP level 16. HP: 94/94 MP: 0/0
    13 | D        | Noticed a large bag of meat
    14 | D        | Noticed a meat berserker
    14 | D        | Noticed a meat berserker
    14 | D        | Reached **** piety under Makhleb
    15 | D        | Killed a large bag of meat
    16 | D        | Reached skill level 27 in Spellcasting
    16 | D        | Reached skill level 27 in Conjurations
    16 | D        | Reached skill level 27 in Hexes
    16 | D        | Reached skill level 27 in Summonings
    16 | D        | Reached skill level 27 in Necromancy
    16 | D        | Reached skill level 27 in Translocations
    16 | D        | Reached skill level 27 in Transmutations
    16 | D        | Reached skill level 27 in Fire Magic
    16 | D        | Reached skill level 27 in Ice Magic
    16 | D        | Reached skill level 27 in Air Magic
    16 | D        | Reached skill level 27 in Earth Magic
    16 | D        | Reached skill level 27 in Poison Magic
    16 | D        | Reached XP level 17. HP: 126/148 MP: 0/0
    16 | D        | Learned a level 7 spell: Monstrous Menagerie
    16 | D        | Noticed a meat berserker
    16 | D        | Reached ***** piety under Makhleb
    16 | D        | Noticed a meat berserker
    16 | D        | Noticed a large bag of meat
    17 | D        | Killed a meat berserker
    18 | D        | Reached skill level 27 in Fighting
    18 | D        | Reached XP level 18. HP: 167/167 MP: 0/0
    18 | D        | Killed a meat berserker
    19 | D        | Reached skill level 5 in Armour
    19 | D        | Killed a meat berserker
    20 | D        | Reached skill level 10 in Armour
    20 | D        | Reached skill level 27 in Dodging
    20 | D        | Reached XP level 19. HP: 174/174 MP: 0/0
    20 | D        | Learned a level 6 spell: Summon Cactus Giant
    20 | D        | Noticed a large bag of meat
    20 | D        | Killed a large bag of meat
    20 | D        | Reached ****** piety under Makhleb
    22 | D        | Reached XP level 20. HP: 181/181 MP: 0/0
    24 | D        | Killed a meat berserker
    25 | D        | Reached skill level 27 in Armour
    27 | D        | Reached skill level 27 in Invocations
    27 | D        | Reached XP level 21. HP: 187/187 MP: 0/0
    27 | D        | Learned a level 8 spell: Infestation
    27 | D        | Killed a large bag of meat
    32 | D        | Reached XP level 22. HP: 194/194 MP: 0/0
    33 | D        | Reached skill level 27 in Throwing
    34 | D        | Noticed a destroyer
    35 | D        | Noticed a meat berserker
    36 | D        | Reached skill level 5 in Maces & Flails
    36 | D        | Reached skill level 5 in Polearms
    36 | D        | Reached skill level 5 in Stealth
    37 | D        | Killed a destroyer
    39 | D        | Killed a meat berserker
    40 | D        | Reached skill level 15 in Unarmed Combat
    40 | D        | Reached XP level 23. HP: 201/201 MP: 0/0
    40 | D        | Learned a level 8 spell: Ignition
    40 | D        | Noticed a destroyer
    41 | D        | Noticed a destroyer
    41 | D        | Killed a destroyer
    41 | D        | Killed a destroyer
    44 | D        | Reached XP level 24. HP: 208/208 MP: 0/0
    45 | D        | Noticed a tyrant
    45 | D        | Killed a tyrant
    45 | D        | Noticed a destroyer
    46 | D        | Killed a destroyer
    47 | D        | Reached skill level 27 in Unarmed Combat
    47 | D        | Reached XP level 25. HP: 214/214 MP: 0/0
    47 | D        | Learned a level 9 spell: Polar Vortex
    47 | D        | Noticed a destroyer
    48 | D        | Noticed an accursed
    48 | D        | Noticed a tyrant
    48 | D        | Killed an accursed
    48 | D        | Killed a destroyer
    48 | D        | Killed a tyrant
    49 | D        | Reached skill level 27 in Maces & Flails
    49 | D        | Reached skill level 27 in Polearms
    49 | D        | Reached skill level 27 in Stealth
    49 | D        | Reached skill level 10 in Shields
    49 | D        | Reached skill level 10 in Evocations
    49 | D        | Reached XP level 26. HP: 202/221 MP: 0/0
    50 | D        | Reached skill level 10 in Short Blades
    50 | D        | Reached skill level 10 in Long Blades
    50 | D        | Reached skill level 10 in Staves
    50 | D        | Noticed a destroyer
    52 | D        | Killed a destroyer
    55 | D        | Reached skill level 15 in Shields
    55 | D        | Reached skill level 15 in Evocations
    55 | D        | Noticed a large bag of meat
    55 | D        | Noticed a tyrant
    56 | D        | Killed a large bag of meat
    56 | D        | Killed a tyrant
    57 | D        | Reached skill level 15 in Ranged Weapons
    57 | D        | Reached skill level 15 in Shapeshifting
    57 | D        | Reached XP level 27. HP: 228/228 MP: 0/0
    57 | D        | Learned a level 9 spell: Chain Lightning
    58 | D        | Noticed a tyrant
    58 | D        | Killed a tyrant
    59 | D        | Noticed a destroyer
    60 | D        | Killed a destroyer
    63 | D        | Noticed a large bag of meat
    63 | D        | Noticed a destroyer
    64 | D        | Killed a destroyer
    64 | D        | Killed a large bag of meat
    64 | D        | Noticed a large bag of meat
    65 | D        | Killed a large bag of meat
    65 | D        | Noticed an accursed
    67 | D        | Reached skill level 27 in Shields
    67 | D        | Reached skill level 27 in Evocations
    68 | D        | Reached skill level 27 in Short Blades
    68 | D        | Reached skill level 27 in Long Blades
    68 | D        | Reached skill level 27 in Staves
    68 | D        | Noticed a large bag of meat
    68 | D        | Noticed a large bag of meat
    69 | D        | Noticed a dread
    69 | D        | Killed a large bag of meat
    69 | D        | Noticed a dread
    69 | D        | Noticed a dread
    70 | D        | Reached skill level 27 in Ranged Weapons
    70 | D        | Reached skill level 27 in Shapeshifting
    70 | D        | Killed a dread
    70 | D        | Noticed a meat beast
    71 | D        | Killed a dread
    71 | D        | Killed an accursed
    72 | D        | Killed a meat beast
    72 | D        | Killed a dread
    72 | D        | Noticed a dread
    72 | D        | Noticed an accursed
    73 | D        | Killed a dread
    73 | D        | Killed an accursed
    73 | D        | Killed a large bag of meat
    74 | D        | Noticed a meat beast
    74 | D        | Killed a meat beast
    77 | D        | Noticed a tyrant
    77 | D        | Noticed a destroyer
    78 | D        | Killed a destroyer
    78 | D        | Killed a tyrant
    81 | D        | Noticed a meat beast
    82 | D        | Killed a meat beast
    83 | D        | Noticed a meat beast
    84 | D        | Killed a meat beast
    84 | D        | Noticed a dread
    85 | D        | Killed a dread
    86 | D        | Noticed an accursed
    87 | D        | Noticed a large bag of meat
    87 | D        | Killed a large bag of meat
    87 | D        | Killed an accursed
    87 | D        | Noticed a large bag of meat
    88 | D        | Killed a large bag of meat
    90 | D        | Noticed an accursed
    91 | D        | Killed an accursed
    92 | D        | Noticed an accursed
    93 | D        | Killed an accursed
    93 | D        | Noticed a tyrant
    93 | D        | Noticed an accursed
    94 | D        | Killed an accursed
    94 | D        | Killed a tyrant
   103 | D        | Noticed a destroyer
   106 | D        | Killed a destroyer
   107 | D        | Noticed a dread
   115 | D        | Noticed a destroyer
   116 | D        | Killed a destroyer
   116 | D        | Noticed an accursed
   117 | D        | Killed an accursed
   117 | D        | Noticed a fleshlord
   118 | D        | Killed a dread
   118 | D        | Killed a fleshlord
   120 | D        | Noticed a meat beast
   120 | D        | Noticed a fleshlord
   121 | D        | Killed a fleshlord
   121 | D        | Noticed a fleshlord
   122 | D        | Killed a fleshlord
   122 | D        | Killed a meat beast
   123 | D        | Noticed a fleshlord
   123 | D        | Killed a fleshlord
   126 | D        | Noticed a fleshlord
   127 | D        | Killed a fleshlord
   127 | D        | Noticed a fleshlord
   128 | D        | Killed a fleshlord
   129 | D        | Noticed The Captor
   129 | D        | Noticed a dread
   130 | D        | Noticed a destroyer
   130 | D        | Noticed a fleshlord
   130 | D        | Killed The Captor
   130 | D        | Killed a destroyer
   130 | D        | Killed a fleshlord
   131 | D        | Killed a dread
   131 | D        | Noticed a fleshlord
   132 | D        | Killed a fleshlord
   133 | D        | Noticed a meat beast
   134 | D        | Killed a meat beast
   136 | D        | Noticed an accursed
   137 | D        | Noticed a meat beast
   137 | D        | Killed a meat beast
   138 | D        | Noticed a dread
   138 | D        | Noticed a destroyer
   139 | D        | Killed a dread
   140 | D        | Noticed a destroyer
   140 | D        | Noticed a dread
   141 | D        | Killed a destroyer
   141 | D        | Killed a dread
   142 | D        | Noticed a destroyer
   142 | D        | Noticed a fleshlord
   143 | D        | Killed a destroyer
   143 | D        | Killed a fleshlord
   143 | D        | Killed a destroyer
   146 | D        | Noticed a meat beast
   146 | D        | Killed a meat beast
   147 | D        | Noticed a fleshlord
   148 | D        | Killed a fleshlord
   148 | D        | Noticed a dread
   149 | D        | Killed a dread
   149 | D        | Noticed a meat beast
   149 | D        | Noticed an accursed
   150 | D        | Killed a meat beast
   150 | D        | Killed an accursed
   151 | D        | Noticed a destroyer
   151 | D        | Noticed a fleshlord
   151 | D        | Noticed a fleshlord
   152 | D        | Killed a fleshlord
   152 | D        | Killed a fleshlord
   152 | D        | Killed a destroyer
   153 | D        | Killed an accursed
   154 | D        | Noticed a meat beast
   154 | D        | Killed a meat beast
   154 | D        | Noticed a fleshlord
   155 | D        | Killed a fleshlord
   155 | D        | Noticed a fleshlord
   156 | D        | Killed a fleshlord
   157 | D        | Noticed a meat beast
   161 | D        | Noticed a destroyer
   161 | D        | Noticed a fleshlord
   162 | D        | Killed a fleshlord
   162 | D        | Killed a destroyer
   166 | D        | Noticed a fleshlord
   166 | D        | Noticed a destroyer
   166 | D        | Noticed a dread
   166 | D        | Noticed a fleshlord
   167 | D        | Killed a dread
   167 | D        | Killed a fleshlord
   168 | D        | Noticed a dread
   168 | D        | Killed a dread
   168 | D        | Noticed a dread
   169 | D        | Killed a dread
   170 | D        | Killed a destroyer
   171 | D        | Killed a meat beast
   171 | D        | Noticed a dread
   172 | D        | Killed a dread
   173 | D        | Killed a fleshlord
   173 | D        | Noticed a destroyer
   174 | D        | Killed a destroyer
   175 | D        | Noticed a fleshlord
   176 | D        | Killed a fleshlord
   176 | D        | Noticed a fleshlord
   177 | D        | Killed a fleshlord
   179 | D        | Noticed a destroyer
   180 | D        | Killed a destroyer
   181 | D        | Noticed a fleshlord
   184 | D        | Noticed a meat beast
   184 | D        | Noticed a tyrant
   185 | D        | Noticed a fleshlord
   186 | D        | Noticed a dread
   186 | D        | Killed a fleshlord
   186 | D        | Killed a dread
   186 | D        | Killed a meat beast
   186 | D        | Noticed a destroyer
   186 | D        | Noticed a fleshlord
   187 | D        | Killed a fleshlord
   187 | D        | Noticed a destroyer
   187 | D        | Noticed a dread
   188 | D        | Noticed a fleshlord
   188 | D        | Killed a destroyer
   188 | D        | Killed a tyrant
   188 | D        | Killed a fleshlord
   188 | D        | Noticed a dread
   188 | D        | Killed a large bag of meat
   189 | D        | Killed a dread
   190 | D        | Killed a destroyer
   190 | D        | Killed a fleshlord
   190 | D        | Noticed a dread
   191 | D        | Killed a dread
   192 | D        | Killed a dread
   192 | D        | Noticed The Meatlord
   193 | D        | Killed The Meatlord
   193 | D        | Noticed an accursed
   193 | D        | Noticed a tyrant
   193 | D        | Noticed a fleshlord
   193 | D        | Noticed a destroyer
   194 | D        | Killed a fleshlord
   194 | D        | Killed an accursed
   195 | D        | Noticed a fleshlord
   195 | D        | Noticed a fleshlord
   195 | D        | Noticed a fleshlord
   195 | D        | Noticed a destroyer
   195 | D        | Noticed an accursed
   195 | D        | Noticed a destroyer
   195 | D        | Noticed a destroyer
   195 | D        | Noticed a fleshlord
   195 | D        | Noticed a destroyer
   195 | D        | Noticed a dread
   195 | D        | Noticed an accursed
   195 | D        | Noticed an accursed
   195 | D        | Noticed a dread
   196 | D        | Killed a dread
   196 | D        | Killed a destroyer
   196 | D        | Noticed a large bag of meat
   197 | D        | Noticed a fleshlord
   197 | D        | Noticed a dread
   198 | D        | Noticed a dread
   198 | D        | Noticed a fleshlord
   198 | D        | Killed a destroyer
   198 | D        | Killed a destroyer
   198 | D        | Killed a fleshlord
   198 | D        | Killed a destroyer
   198 | D        | Noticed a dread
   199 | D        | Noticed a destroyer
   199 | D        | Noticed a meat beast
   199 | D        | Noticed a dread
   199 | D        | Killed a large bag of meat
   200 | D        | Killed by arc of chain lightning

Illustrated notes

Levels and vault maps discovered:
D:        meatsprint

Skill      XL: |  1  2  3  4  5  6  7  8  9 10 11 12 13 14 15 16 17 18 19 20 21 22 23 24 25 26 27 |
---------------+----------------------------------------------------------------------------------+-----
Axes           | 24 27 | 27.0
Spellcasting   | 7 18 23 27 | 27.0
Conjurations   | 7 18 23 27 | 27.0
Hexes          | 7 18 23 27 | 27.0
Summonings     | 7 18 23 27 | 27.0
Necromancy     | 7 18 23 27 | 27.0
Translocations | 7 18 23 27 | 27.0
Transmutations | 7 18 23 27 | 27.0
Fire Magic     | 7 18 23 27 | 27.0
Ice Magic      | 7 18 23 27 | 27.0
Air Magic      | 7 18 23 27 | 27.0
Earth Magic    | 7 18 23 27 | 27.0
Poison Magic   | 7 18 23 27 | 27.0
Fighting       | 21 27 | 27.0
Dodging        | 4 27 | 27.0
Armour         | 10 24 27 | 27.0
Invocations    | 27 | 27.0
Throwing       | 9 26 27 | 27.0
Maces & Flails | 12 18 24 27 | 27.0
Polearms       | 12 18 24 27 | 27.0
Stealth        | 13 20 26 27 | 27.0
Unarmed Combat | 15 22 27 | 27.0
Short Blades   | 9 16 27 | 27.0
Long Blades    | 9 16 27 | 27.0
Staves         | 9 16 27 | 27.0
Ranged Weapons | 8 15 27 | 27.0
Shields        | 10 17 27 | 27.0
Evocations     | 10 17 27 | 27.0
Shapeshifting  | 8 15 27 | 27.0

Action                     |  1- 3 |  4- 6 |  7- 9 | 10-12 | 13-15 | 16-18 | 19-21 | 22-24 | 25-27 || total
---------------------------+-------+-------+-------+-------+-------+-------+-------+-------+-------++-------
  Melee: Executioner's axe |     1 |       |       |     1 |     6 |     8 |     8 |    20 |   277 ||   321
   Cast: Manifold Assault  |       |       |       |       |     2 |       |       |     6 |   111 ||   119
         Vhi's Electric Ch |       |       |       |       |       |     4 |     1 |       |     1 ||     6
         Monstrous Menager |       |       |       |       |       |       |       |       |     4 ||     4
    Use: Scroll            |       |       |       |       |       |       |       |       |     1 ||     1
 Armour: Leather armour    |       |       |       |       |       |     2 |     2 |       |     5 ||     9
  Dodge: Dodged            |       |       |       |       |     1 |       |       |       |     3 ||     4

Table legend: (Time is in decaauts)
 A = Elapsed time spent in this place.
 B = Non-inter-level travel time spent in this place.
 C = Inter-level travel time spent in this place.
 D = Time resting spent in this place.
 E = Time spent auto-exploring this place.
 F = Levels seen in this place.
 G = Mean time per level.
                   A        B        C        D        E       F      G
               +--------+--------+--------+--------+--------+-----+--------+
         Total |    178 |    178 |      0 |      0 |      0 |   1 |  178.0 |
       Dungeon |    178 |    178 |      0 |      0 |      0 |   1 |  178.0 |
               +--------+--------+--------+--------+--------+-----+--------+

Top non-repeatable levels by time:
       D: 178 daAuts
